 Dungeon Crawl Stone Soup version 0.31-a0-981-geadf994542 (webtiles) character file.

Game seed: 9442191481382899652

74 sammy202020 the Trooper (level 4, -3/43 HPs)
             Began as a Gargoyle Berserker on Oct 31, 2023.
             Was a Believer of Trog.
             Killed from afar by Ijyb (14 damage)
             ... with a bolt of acid
             ... on level 3 of the Dungeon.
             The game lasted 00:02:54 (1981 turns).

sammy202020 the Trooper (Gargoyle Berserker)        Turns: 1981, Time: 00:02:55

Health: -3/43      AC: 11    Str: 20    XL:     4   Next: 28%
Magic:  4/4        EV:  6    Int: 10    God:    Trog [**....]
Gold:   116        SH:  0    Dex:  9    Spells: 3/3 levels left

rFire   + . .        a - +1 mace
rCold   + . .        (no shield)
rNeg    + . .        e - +1 plate armour
rPois   ∞            (no helmet)
rElec   +            (no cloak)
rCorr   .            (no gloves)
SInv    .            (no boots)
Will    .....        d - amulet "Hupotoeh" {rF+ rC+ Regen+} Stlth
                     k - ring of flight
HPRegen 1.07/turn    (no ring)
MPRegen 0.09/turn

%: no passive effects
@: berserking, corroded, flying, very quick
A: sickness immunity, AC +3, negative energy resistance 1, electricity
resistance, torment resistance 1, petrification resistance
a: Renounce Religion, Berserk, Trog's Hand


You were on level 3 of the Dungeon.
You worshipped Trog.
Trog was pleased with you.
You visited 1 branch of the dungeon, and saw 3 of its levels.

You collected 116 gold pieces.

Inventory:

Hand Weapons
 a - a +1 mace (weapon)
Armour
 e - a +1 plate armour (worn)
Jewellery
 d - the amulet "Hupotoeh" (around neck) {rF+ rC+ Regen+}
   (You acquired it on level 2 of the Dungeon)

   [amulet of regeneration]

   rF+:       It protects you from fire.
   rC+:       It protects you from cold.
   Regen+:    It increases your rate of health regeneration.
 k - a ring of flight (left hand)
Scrolls
 i - a scroll of fog
 j - a scroll of enchant armour
Potions
 b - a potion of brilliance
 c - 2 potions of curing
 f - a potion of enlightenment
 g - a potion of magic {unknown}


   Skills:
 * Level 4.1 Fighting
 * Level 3.6 Maces & Flails
 * Level 3.0 Armour
 + Level 2.0 Dodging


You had 3 spell levels left.
You didn't know any spells.
Your spell library was empty.

Dungeon Overview and Level Annotations

Branches:
Dungeon (3/15)

Altars:

Shops:
D:3 *

Annotations:
D:3 Ijyb


Innate Abilities, Weirdness & Mutations

You are immune to sickness and miasma.
Your stone body is resilient. (AC +3)
You are immune to poison.
You resist negative energy. (rN+)
You are resistant to electric shocks. (rElec)
You are resistant to unholy torment.
You are immune to petrification.


Message History

You reach down and open the door.
Ijyb the Twisted Goblin comes into view.
She is wielding a +0 dagger and carrying a wand of acid.
There is an open door here.
Ijyb is nearby!
Ijyb zaps a wand.
The bolt of acid hits you!
Ouch! That really hurt!
You are too injured to fight recklessly!
You are too injured to fight recklessly!
You are too injured to fight recklessly!
You are too injured to fight recklessly!
You are too injured to fight recklessly!
You are too injured to fight recklessly!
You are too injured to fight recklessly!
You are too injured to fight recklessly!
You are too injured to fight recklessly!
You are too injured to fight recklessly!
You are too injured to fight recklessly!
You are too injured to fight recklessly!
You are too injured to fight recklessly!
You are too injured to fight recklessly!
You are too injured to fight recklessly!
You are too injured to fight recklessly!
You are too injured to fight recklessly!
Ijyb is nearby!
A red film seems to cover your vision as you go berserk!
You feel yourself moving faster!
You feel mighty! Ijyb hits you but does no damage.
You closely miss Ijyb.
Ijyb zaps a wand.
The bolt of acid hits you!
* * * LOW HITPOINT WARNING * * *
The acid corrodes you!
You barely miss Ijyb.
Ijyb zaps a wand.
The bolt of acid misses you.
You closely miss Ijyb. You thump Ijyb!
Ijyb is heavily wounded.
Ijyb hits you with a +0 dagger.
* * * LOW HITPOINT WARNING * * *
You closely miss Ijyb.
Ijyb is heavily wounded.
Ijyb zaps a wand.
The bolt of acid hits you!
You die...

#.##...########.#.# # ..
##.## #.#.###.# ## #.#
#.......# #.# ##...####
##+# ##<.# ##...## ##.#
##.....## ####.#
##.......## ##.##.#
#.....g@..####...#.#####
+.........'.............
#.........####...#.#####
##.......## ##.##.#
##.....## ####.#
......## #.# ####..# #.#
#.. #.# #. ..#


You could see Ijyb.

Vanquished Creatures
  3 adders (D:2)
  A dart slug (D:2)
  An orc (D:3)
  5 endoplasms
  A giant cockroach (D:2)
  7 goblins
  4 hobgoblins
  A jackal (D:2)
  2 quokkas
  3 ball pythons
  5 bats
  3 frilled lizards (D:1)
  4 kobolds
40 creatures vanquished.

Notes
Turn   | Place    | Note
-------+----------+-------------------------------------------
     0 | D:1      | sammy202020 the Gargoyle Berserker began the quest for the
                  | Orb.
     0 | D:1      | Reached XP level 1. HP: 14/14 MP: 1/1
   234 | D:1      | Reached XP level 2. HP: 19/19 MP: 2/2
  1158 | D:2      | Reached XP level 3. HP: 24/24 MP: 3/3
  1552 | D:2      | Reached skill level 4 in Fighting
  1552 | D:2      | Reached XP level 4. HP: 29/29 MP: 4/4
  1741 | D:2      | Identified a scroll of acquirement
  1741 | D:2      | Acquired the amulet "Hupotoeh" {rF+ rC+ Regen+}
  1819 | D:3      | Found Tiedasm's General Store.
  1825 | D:3      | Reached ** piety under Trog
  1972 | D:3      | Noticed Ijyb
  1981 | D:3      | Killed from afar by Ijyb

Illustrated notes

Levels and vault maps discovered:
D:1:      tarquinn_simple_flora_water_c, layout_loops_corners,
          serial_bayou_lake_a
D:2:      layout_loops_ring, kennysheep_generic_room_3
D:3:      layout_loops_corners, serial_shops, nicolae_shop_gibbet_a_chance,
          uniq_jessica, uniq_natasha, uniq_ijyb

Skill      XL: |  1  2  3 |
---------------+----------+-----
Dodging        | 2 |  2.0
Fighting       | 4 |  4.1
Armour         | 3 |  3.0
Maces & Flails | |  3.6

Action                     |  1- 3 |  4- 6 || total
---------------------------+-------+-------++-------
  Melee: Mace              |   111 |    25 ||   136
 Invoke: Berserk           |     1 |     1 ||     2
    Use: Scroll            |     1 |     8 ||     9
 Armour: Animal skin       |    18 |       ||    18
         Plate armour      |   115 |    19 ||   134
  Dodge: Dodged            |    49 |    11 ||    60

Table legend: (Time is in decaauts)
 A = Elapsed time spent in this place.
 B = Non-inter-level travel time spent in this place.
 C = Inter-level travel time spent in this place.
 D = Time resting spent in this place.
 E = Time spent auto-exploring this place.
 F = Levels seen in this place.
 G = Mean time per level.
                   A        B        C        D        E       F      G
               +--------+--------+--------+--------+--------+-----+--------+
         Total |   2059 |   2059 |      0 |      1 |   1643 |   3 |  686.3 |
       Dungeon |   2059 |   2059 |      0 |      1 |   1643 |   3 |  686.3 |
               +--------+--------+--------+--------+--------+-----+--------+

Top non-repeatable levels by time:
     D:1: 1044 daAuts
     D:2: 851 daAuts
     D:3: 163 daAuts
